TOP OF THE 1ST |
Boston Rebels batting - Pitching for Irvine Gang Green : RHP Jung Chwa
|
Pitching: RHP Jung Chwa
|
|
Batting: RHB Roberto Chávez
|
0-0: Ground out 5-3 (Groundball, 56S)
|
Batting: LHB Bill Wilson
|
0-0: Ball 1-0: Ball 2-0: Fly out, F8 (Flyball, 89XD)
|
Batting: LHB Lorenzo Flores
|
0-0: Fly out, F9 (Flyball, 89D)
|
Top of the 1st over - 0 run(s), 0 hit(s), 0 error(s), 0 left on base; Boston 0 - Irvine 0 |
BOTTOM OF THE 1ST |
Irvine Gang Green batting - Pitching for Boston Rebels : RHP Ramón Estrada
|
Pitching: RHP Ramón Estrada
|
|
Batting: RHB Tom Doherty
|
0-0: Fly out, F4 (Popup, 4D)
|
Batting: LHB José Sánchez
|
0-0: Called Strike 0-1: Ball 1-1: Ball 2-1: DOUBLE (Line Drive, 9)
|
Batting: RHB Tyler Wagner
|
0-0: Foul Ball, location: 2F 0-1: Ball 1-1: SINGLE (Flyball, 89S) José Sánchez to third Runner from 3rd tries for Home, SAFE, no throw
|
Batting: LHB Víctor Quiñones
|
0-0: Ball 1-0: Called Strike 1-1: Foul Ball, location: 2F 1-2: Ground out 4-3 (Groundball, 4M) Tyler Wagner to second
|
Batting: RHB Don Hooper
|
0-0: Ball 1-0: Ball 2-0: Ball 3-0: Base on Balls
|
Batting: RHB José Salazar
|
0-0: Ball 1-0: Fielders Choice at 2nd, 4-6 (Groundball, 4)
|
Bottom of the 1st over - 1 run(s), 2 hit(s), 0 error(s), 1 left on base; Boston 0 - Irvine 1 |
TOP OF THE 2ND |
Boston Rebels batting - Pitching for Irvine Gang Green : RHP Jung Chwa
|
Batting: LHB Miguel Rivería
|
0-0: Ground out 4-3 (Groundball, 4)
|
Batting: RHB John Mendelson
|
0-0: Ball 1-0: Called Strike 1-1: Ball 2-1: Foul Ball, location: 2F 2-2: Ball 3-2: Strikes out looking
|
Batting: LHB Felipe Guerrero
|
0-0: Called Strike 0-1: Ball 1-1: Fly out, F3 (Line Drive, 34)
|
Top of the 2nd over - 0 run(s), 0 hit(s), 0 error(s), 0 left on base; Boston 0 - Irvine 1 |
BOTTOM OF THE 2ND |
Irvine Gang Green batting - Pitching for Boston Rebels : RHP Ramón Estrada
|
Batting: RHB Ronnie Brown
|
0-0: Ball 1-0: Called Strike 1-1: SINGLE (Groundball, 6MD)
|
Batting: RHB Eichiro Yamamoto
|
0-0: Called Strike 0-1: Ball 1-1: Foul Ball, location: 2F 1-2: Foul Ball, location: 2F 1-2: Grounds into double play, 4-6-3 (Groundball, 4)
|
Batting: LHB Tony Tavárez
|
0-0: Ball 1-0: Ball 2-0: Ball 3-0: Called Strike 3-1: Called Strike 3-2: Base on Balls
|
Batting: RHB Tom Doherty
|
0-0: Ball Tony Tavárez is caught stealing 2nd base
|
Bottom of the 2nd over - 0 run(s), 1 hit(s), 0 error(s), 0 left on base; Boston 0 - Irvine 1 |
TOP OF THE 3RD |
Boston Rebels batting - Pitching for Irvine Gang Green : RHP Jung Chwa
|
Batting: LHB Arturo Molina
|
0-0: Ball 1-0: Ball 2-0: Ball 3-0: Ground out 6-3 (Groundball, 6S)
|
Batting: RHB Alberto Ramos
|
0-0: Ball 1-0: SOLO HOME RUN (Flyball, 78XD), Distance : 438 ft
|
Batting: RHB George Reeves
|
0-0: Ball 1-0: Ground out 4-3 (Groundball, 4)
|
Batting: RHB Roberto Chávez
|
0-0: Ball 1-0: SINGLE (Groundball, 56D)
|
Batting: LHB Bill Wilson
|
0-0: Ball Roberto Chávez steals 2nd base 1-0: Ball 2-0: Foul Ball, location: 2F 2-1: Ball 3-1: Ground out U3 (Groundball, 3)
|
Top of the 3rd over - 1 run(s), 2 hit(s), 0 error(s), 1 left on base; Boston 1 - Irvine 1 |
BOTTOM OF THE 3RD |
Irvine Gang Green batting - Pitching for Boston Rebels : RHP Ramón Estrada
|
Batting: RHB Tom Doherty
|
0-0: Ball 1-0: Foul Ball, location: 2F 1-1: Ball 2-1: Fly out, F8 (Flyball, 8RS)
|
Batting: LHB José Sánchez
|
0-0: Ball 1-0: Called Strike 1-1: Swinging Strike 1-2: Ground out 6-3 (Groundball, 6)
|
Batting: RHB Tyler Wagner
|
0-0: Ground out 4-3 (Groundball, 4)
|
Bottom of the 3rd over - 0 run(s), 0 hit(s), 0 error(s), 0 left on base; Boston 1 - Irvine 1 |
TOP OF THE 4TH |
Boston Rebels batting - Pitching for Irvine Gang Green : RHP Jung Chwa
|
Batting: LHB Lorenzo Flores
|
0-0: Called Strike 0-1: Ball 1-1: Ball 2-1: Fly out, F9 (Flyball, 89D)
|
Batting: LHB Miguel Rivería
|
0-0: Fly out, F9 (Flyball, 9)
|
Batting: RHB John Mendelson
|
0-0: Ball 1-0: Foul Ball, location: 2F 1-1: Foul Ball, location: 2F 1-2: Ball 2-2: Foul Ball, location: 2F 2-2: SOLO HOME RUN (Flyball, 89XD), Distance : 437 ft
|
Batting: LHB Felipe Guerrero
|
0-0: Fly out, F7 (Line Drive, 7)
|
Top of the 4th over - 1 run(s), 1 hit(s), 0 error(s), 0 left on base; Boston 2 - Irvine 1 |
BOTTOM OF THE 4TH |
Irvine Gang Green batting - Pitching for Boston Rebels : RHP Ramón Estrada
|
Batting: LHB Víctor Quiñones
|
0-0: Foul Ball, location: 2F 0-1: Foul Ball, location: 2F 0-2: Ball 1-2: Ball 2-2: SINGLE (Groundball, 4D)
|
Batting: RHB Don Hooper
|
0-0: Ball 1-0: Grounds into double play, 6-4-3 (Groundball, 6)
|
Batting: RHB José Salazar
|
0-0: Ball 1-0: Called Strike 1-1: Called Strike 1-2: Ball 2-2: Fly out, F8 (Flyball, 8RM)
|
Bottom of the 4th over - 0 run(s), 1 hit(s), 0 error(s), 0 left on base; Boston 2 - Irvine 1 |
TOP OF THE 5TH |
Boston Rebels batting - Pitching for Irvine Gang Green : RHP Jung Chwa
|
Batting: LHB Arturo Molina
|
0-0: Swinging Strike 0-1: Ball 1-1: Ball 2-1: Called Strike 2-2: Strikes out swinging
|
Batting: RHB Alberto Ramos
|
0-0: Called Strike 0-1: Foul Ball, location: 2F 0-2: Strikes out swinging
|
Batting: RHB George Reeves
|
0-0: Ball 1-0: Ground out 6-3 (Groundball, 6)
|
Top of the 5th over - 0 run(s), 0 hit(s), 0 error(s), 0 left on base; Boston 2 - Irvine 1 |
BOTTOM OF THE 5TH |
Irvine Gang Green batting - Pitching for Boston Rebels : RHP Ramón Estrada
|
Batting: RHB Ronnie Brown
|
0-0: Foul Ball, location: 2F 0-1: Called Strike 0-2: Ground out 4-3 (Groundball, 4M)
|
Batting: RHB Eichiro Yamamoto
|
0-0: Ball 1-0: SINGLE (Groundball, 34D)
|
Batting: LHB Tony Tavárez
|
0-0: Ball 1-0: Called Strike 1-1: Called Strike 1-2: Ball 2-2: Ball 3-2: Base on Balls Eichiro Yamamoto to second
|
Batting: RHB Tom Doherty
|
0-0: Called Strike 0-1: Ball 1-1: SINGLE (Groundball, 6MD) Eichiro Yamamoto to third Tony Tavárez to second Runner from 3rd tries for Home, SAFE, no throw
|
Batting: LHB José Sánchez
|
0-0: Ball Tony Tavárez steals 3rd base Tom Doherty to second 1-0: Swinging Strike 1-1: Foul Ball, location: 2F 1-2: Foul Ball, location: 2F 1-2: Foul Ball, location: 2F 1-2: Ball 2-2: Ball 3-2: Ground out 4-3 (Groundball, 4)
|
Batting: RHB Tyler Wagner
|
0-0: Ball 1-0: Ball 2-0: Called Strike 2-1: Called Strike 2-2: Ball 3-2: Ground out 6-3 (Groundball, 6)
|
Bottom of the 5th over - 1 run(s), 2 hit(s), 0 error(s), 2 left on base; Boston 2 - Irvine 2 |
TOP OF THE 6TH |
Boston Rebels batting - Pitching for Irvine Gang Green : RHP Jung Chwa
|
Batting: RHB Roberto Chávez
|
0-0: SINGLE (Flyball, 8RS)
|
Batting: LHB Bill Wilson
|
0-0: Foul Ball, location: 2F 0-1: Fielders Choice at 2nd, 6-4 (Groundball, 6)
|
Batting: LHB Lorenzo Flores
|
0-0: Ball Throwing error on steal attempt, E2 Bill Wilson to third 1-0: Ball 2-0: Called Strike 2-1: Ball 3-1: SINGLE (Groundball, 4MD) Bill Wilson scores
|
Batting: LHB Miguel Rivería
|
0-0: Ball 1-0: Called Strike 1-1: Called Strike 1-2: Ground out 4-3 (Groundball, 4S) Lorenzo Flores to second
|
Batting: RHB John Mendelson
|
0-0: Called Strike 0-1: Ball 1-1: Swinging Strike 1-2: Ground out 6-3 (Groundball, 6M)
|
Top of the 6th over - 1 run(s), 2 hit(s), 1 error(s), 1 left on base; Boston 3 - Irvine 2 |
BOTTOM OF THE 6TH |
Irvine Gang Green batting - Pitching for Boston Rebels : RHP Ramón Estrada
|
Batting: LHB Víctor Quiñones
|
0-0: Swinging Strike 0-1: Ball 1-1: Foul Ball, location: 2F 1-2: Foul Ball, location: 2F 1-2: Ball 2-2: Ball 3-2: Foul Ball, location: 2F 3-2: Base on Balls
|
Batting: RHB Don Hooper
|
0-0: Swinging Strike 0-1: Ball 1-1: Fielders Choice at 2nd, 6-4 (Groundball, 6)
|
Batting: RHB José Salazar
|
0-0: Ball 1-0: Ball 2-0: Foul Ball, location: 2F 2-1: Ball 3-1: Foul Ball, location: 2F 3-2: Foul Ball, location: 2F 3-2: SINGLE (Groundball, 56D) Don Hooper to second Don Hooper to third
|
Batting: RHB Ronnie Brown
|
0-0: Ball 1-0: SINGLE (Line Drive, 3) Don Hooper scores José Salazar to second
|
Batting: RHB Eichiro Yamamoto
|
0-0: Swinging Strike 0-1: Grounds into double play, 4-6-3 (Groundball, 4)
|
Bottom of the 6th over - 1 run(s), 2 hit(s), 0 error(s), 1 left on base; Boston 3 - Irvine 3 |
TOP OF THE 7TH |
Boston Rebels batting - Pitching for Irvine Gang Green : RHP Jung Chwa
|
Batting: LHB Felipe Guerrero
|
0-0: Called Strike 0-1: Foul Ball, location: 2F 0-2: Ball 1-2: Strikes out looking
|
Batting: LHB Arturo Molina
|
0-0: Called Strike 0-1: Ground out 6-3 (Groundball, 6MS)
|
Batting: RHB Alberto Ramos
|
0-0: SOLO HOME RUN (Flyball, 7LD), Distance : 401 ft
|
Batting: RHB George Reeves
|
0-0: Ground out 6-3 (Groundball, 6)
|
Top of the 7th over - 1 run(s), 1 hit(s), 0 error(s), 0 left on base; Boston 4 - Irvine 3 |
BOTTOM OF THE 7TH |
Irvine Gang Green batting - Pitching for Boston Rebels : RHP Ramón Estrada
|
Pitching: LHP Joseph Byrne
|
|
Batting: LHB Tony Tavárez
|
0-0: Called Strike 0-1: Ball 1-1: Foul Ball, location: 2F 1-2: Ball 2-2: Fly out, F4 (Line Drive, 4)
|
Batting: RHB Tom Doherty
|
0-0: Foul Ball, location: 2F 0-1: Ground out 6-3 (Groundball, 6M)
|
Batting: LHB José Sánchez
|
0-0: Ball 1-0: Ball 2-0: Ball 3-0: Called Strike 3-1: Foul Ball, location: 2F 3-2: Foul Ball, location: 2F 3-2: Base on Balls
|
Batting: RHB Tyler Wagner
|
0-0: Called Strike 0-1: Ball 1-1: Swinging Strike 1-2: DOUBLE (Line Drive, 78XD) José Sánchez to third Runner from 3rd tries for Home, SAFE, no throw
|
Batting: LHB Víctor Quiñones
|
0-0: Ball 1-0: Ball 2-0: Called Strike 2-1: Swinging Strike 2-2: Ball 3-2: Foul Ball, location: 2F 3-2: DOUBLE (Line Drive, 9LS) Tyler Wagner scores
|
Pitching: RHP Ki-tong Shiu
|
|
Pinch Hitting: LHB Leonardo Medina
|
0-0: Ball 1-0: Ball 2-0: Called Strike 2-1: Ball 3-1: Base on Balls
|
Batting: RHB José Salazar
|
0-0: Ball 1-0: Called Strike 1-1: Ball 2-1: Called Strike 2-2: Strikes out swinging
|
Bottom of the 7th over - 2 run(s), 2 hit(s), 0 error(s), 2 left on base; Boston 4 - Irvine 5 |
TOP OF THE 8TH |
Boston Rebels batting - Pitching for Irvine Gang Green : RHP Jung Chwa
|
Pitching: RHP Raúl Saltines
|
|
Now at SS: Aaron Wilson
|
|
Batting: RHB Roberto Chávez
|
0-0: Called Strike 0-1: Ball 1-1: Ball 2-1: Ball 3-1: Swinging Strike 3-2: Ground out 5-3 (Groundball, 56S)
|
Pitching: LHP Yu-shu Kong
|
|
Batting: LHB Bill Wilson
|
0-0: Called Strike 0-1: Called Strike 0-2: Ball 1-2: Foul Ball, location: 2F 1-2: Reached on error, E4 (Groundball, 4)
|
Pinch Hitting: RHB Pedro Rodríguez
|
0-0: Ball 1-0: Called Strike 1-1: Foul Ball, location: 2F 1-2: Ball 2-2: Ball 3-2: Foul Ball, location: 2F 3-2: SINGLE (Groundball, 34) Bill Wilson to second Runner from 2nd tries for 3rd, SAFE, throw made to third
|
Pitching: RHP Germán Pérez
|
|
Batting: LHB Miguel Rivería
|
0-0: Fielders Choice at 2nd, 4-6 (Groundball, 34) Bill Wilson scores
|
Batting: RHB John Mendelson
|
0-0: DOUBLE (Flyball, 89D) Miguel Rivería to third
|
Batting: LHB Felipe Guerrero
|
0-0: Foul Ball, location: 2F 0-1: Called Strike 0-2: Foul Ball, location: 2F 0-2: Ball 1-2: Ball 2-2: Fly out, F9 (Flyball, 9D)
|
Top of the 8th over - 1 run(s), 2 hit(s), 1 error(s), 2 left on base; Boston 5 - Irvine 5 |
BOTTOM OF THE 8TH |
Irvine Gang Green batting - Pitching for Boston Rebels : RHP Ki-tong Shiu
|
Now at 1B: Pedro Rodríguez
|
|
Batting: RHB Ronnie Brown
|
0-0: Foul Ball, location: 2F 0-1: Ball 1-1: Foul Ball, location: 2F 1-2: Ball 2-2: Foul Ball, location: 2F 2-2: Ground out 4-3 (Groundball, 4)
|
Batting: RHB Eichiro Yamamoto
|
0-0: Ball 1-0: Called Strike 1-1: Ball 2-1: Fly out, F8 (Flyball, 8RM)
|
Pinch Hitting: LHB Tom Baker
|
0-0: Foul Ball, location: 2F 0-1: Fly out, F2 (Popup, 23)
|
Bottom of the 8th over - 0 run(s), 0 hit(s), 0 error(s), 0 left on base; Boston 5 - Irvine 5 |
TOP OF THE 9TH |
Boston Rebels batting - Pitching for Irvine Gang Green : RHP Germán Pérez
|
Pitching: RHP Mike Fisher
|
|
Now in CF: Tom Baker
|
|
Batting: LHB Arturo Molina
|
0-0: Ball 1-0: Called Strike 1-1: Foul Ball, location: 2F 1-2: Ball 2-2: Ball 3-2: Foul Ball, location: 2F 3-2: Foul Ball, location: 2F 3-2: Foul Ball, location: 2F 3-2: Fly out, F9 (Flyball, 89S)
|
Pinch Hitting: LHB Frank Jackson
|
0-0: Foul Ball, location: 2F 0-1: Ball 1-1: Ball 2-1: Foul Ball, location: 2F 2-2: Strikes out swinging
|
Batting: RHB George Reeves
|
0-0: Ball 1-0: Foul Ball, location: 2F 1-1: Ground out 5-3 (Groundball, 56)
|
Top of the 9th over - 0 run(s), 0 hit(s), 0 error(s), 0 left on base; Boston 5 - Irvine 5 |
BOTTOM OF THE 9TH |
Irvine Gang Green batting - Pitching for Boston Rebels : RHP Ki-tong Shiu
|
Now at SS: Ángel Garza
|
|
Batting: RHB Tom Doherty
|
0-0: Fly out, F8 (Flyball, 8RD)
|
Batting: LHB José Sánchez
|
0-0: Reached on error, E6 (Groundball, 56)
|
Batting: RHB Tyler Wagner
|
0-0: Ball 1-0: Fly out, F4 (Popup, 4)
|
Batting: LHB Víctor Quiñones
|
0-0: Foul Ball, location: 2F 0-1: SINGLE (Flyball, 8RS) José Sánchez to third Runner from 3rd tries for Home, SAFE, no throw
|
Tuesday, August 8th, 2017 - OOTP Baseball 17.12 Build 75
|
|